 Dungeon Crawl Stone Soup version 0.31-a0-1074-g0b22e4e0f1 (webtiles) character file.

Game seed: 15771909400684601382

526237 experimilk the Wrestler (level 24, 0/238 HPs)
             Began as a Troll Gladiator on Aug 26, 2023.
             Was the Champion of Wu Jian.
             Slain by a Killer Klown
             ... wielding a +11 club of venom
              (1 damage)
             ... on level 5 of the Realm of Zot on Dec 4, 2023.
             The game lasted 03:25:55 (57654 turns).

experimilk the Wrestler (Troll Gladiator)          Turns: 57654, Time: 03:25:56

Health: 0/238      AC: 36    Str: 37 (44) XL:     24   Next: 27%
Magic:  0/22       EV: 10    Int:  5 (7)  God:    Wu Jian [******]
Gold:   7522       SH:  0    Dex: 10 (14) Spells: 23/23 levels left

rFire   + .          .
                       - Unarmed
rCold   + + .        (no shield)
rNeg    . . .        b - +9 scales of the Dragon King {rPois rF+ rC+ Will+}
rPois   +            V - -1 hat "Vuseck" {+Blink Str+4 Int+3}
rElec   .            K - +2 cloak of the Bagpipe {rC+ Will+}
rCorr   .            (gloves unavailable)
SInv    .            (boots unavailable)
Will    +++..        R - amulet of regeneration Stlth
                     t - +4 ring of slaying
HPRegen 2.19/turn    u - ring "Ugivef" {Fly Str+3 Dex+3}
MPRegen 0.18/turn

%: no passive effects
@: on berserk cooldown, flying, slowed, studying 2 skills, very slow
A: large, unfitting armour, claws 3, regeneration 1, shaggy fur 1, tough skin 1,
antennae 1, talons 1, frail 1, devolution 1
}: 3/15 runes: decaying, serpentine, silver
a: Renounce Religion, Evoke Blink, Wall Jump, Serpent's Lash, Heavenly Storm


You were on level 5 of the Realm of Zot.
You worshipped Wu Jian.
Wu Jian was exalted by your worship.
You visited 11 branches of the dungeon, and saw 49 of its levels.
You visited the Abyss 1 time.
You also visited: Sewer.

You collected 12007 gold pieces.
You spent 4485 gold pieces at shops.

Inventory:

Missiles
 a - 38 poisoned darts
 d - 7 javelins
 e - 3 silver javelins
 f - 40 large rocks (quivered)
 g - 3 throwing nets
 q - 24 atropa-tipped darts
 s - 9 boomerangs
 N - 2 datura-tipped darts
 Y - 12 curare-tipped darts
Armour
 b - the +9 scales of the Dragon King (worn) {rPois rF+ rC+ Will+}
   (You found it on level 1 of the Lair of Beasts)

   rF+:       It protects you from fire.
   rC+:       It protects you from cold.
   rPois:     It protects you from poison Will+: It increases your willpower.
 K - the +2 cloak of the Bagpipe (worn) {rC+ Will+}
   (You acquired it on level 3 of the Snake Pit)

   rC+:       It protects you from cold.
   Will+:     It increases your willpower.
 V - the -1 hat "Vuseck" (worn) {+Blink Str+4 Int+3}
   (You acquired it on level 3 of the Elven Halls)

   Str+4:     It affects your strength (+4).
   Int+3:     It affects your intelligence (+3).
   +Blink:    It lets you blink.
Jewellery
 l - a ring of positive energy
 t - a +4 ring of slaying (left claw)
 u - the ring "Ugivef" (right claw) {Fly Str+3 Dex+3}
   (You found it on level 2 of the Lair of Beasts)

   [ring of flight]

   Str+3:     It affects your strength (+3).
   Dex+3:     It affects your dexterity (+3).
   Fly:       It grants you flight.
 v - a ring of resist corrosion
 x - a +6 ring of strength
 E - a ring of protection from cold
 I - a ring of see invisible
 R - an amulet of regeneration (around neck)
 W - a ring of fire
Wands
 i - a wand of digging (5)
 m - a wand of iceblast (76)
 z - a wand of charming (3)
 G - a wand of mindburst (37)
 J - a wand of quicksilver (46)
 L - a wand of flame (47)
Scrolls
 h - a scroll of silence
 j - 9 scrolls of teleportation
 k - 6 scrolls of revelation
 o - 2 scrolls of summoning
 r - 7 scrolls of blinking
 y - 4 scrolls of poison
 A - 4 scrolls of enchant armour
 C - 9 scrolls of immolation
 F - 5 scrolls of fog
 M - 5 scrolls of vulnerability
 S - 11 scrolls of fear
 Z - a scroll of brand weapon
Potions
 c - 27 potions of curing
 n - 11 potions of enlightenment
 p - 3 potions of brilliance
 w - 6 potions of might
 B - 2 potions of haste
 D - a potion of berserk rage
 H - 6 potions of heal wounds
 O - 4 potions of mutation
 P - 4 potions of lignification
 T - 5 potions of attraction
 X - 2 potions of ambrosia
Miscellaneous
 Q - the horn of Geryon


   Skills:
 - Level 20.0 Fighting
 * Level 16.2 Throwing
 - Level 20.0 Armour
 * Level 14.4 Dodging
 * Level 22.8 Unarmed Combat


You had 23 spell levels left.
You didn't know any spells.
Your spell library contained the following spells:

 Spells                   Type           Power      Damage    Failure   Level
 Apportation              Tloc           0%         N/A       98%         1
 Foxfire                  Conj/Fire      0%         2x1d4     98%         1
 Freeze                   Ice            0%         1d3       98%         1
 Kiss of Death            Conj/Necr      0%         2d5       98%         1
 Magic Dart               Conj           0%         1d3       98%         1
 Sandblast                Erth           0%         2d4       98%         1
 Slow                     Hex            0%         N/A       98%         1
 Sting                    Tmut/Pois      0%         1d3       98%         1
 Summon Small Mammal      Summ           0%         N/A       98%         1
 Blink                    Tloc           0%         N/A       99%         2
 Call Imp                 Summ           0%         N/A       99%         2
 Ensorcelled Hibernation  Hex/Ice        0%         N/A       99%         2
 Passwall                 Tmut/Erth      0%         N/A       99%         2
 Poisonous Vapours        Pois/Air       0%         N/A       99%         2
 Scorch                   Fire           0%         2d5       99%         2
 Searing Ray              Conj           0%         2d4       99%         2
 Static Discharge         Conj/Air       0%         3-3/arc   99%         2
 Sublimation of Blood     Necr           0%         N/A       99%         2
 Wereblood                Tmut           0%         N/A       99%         2
 Confusing Touch          Hex            0%         N/A       100%        3
 Dazzling Flash           Conj/Hex       0%         N/A       100%        3
 Hailstorm                Conj/Ice       0%         3d3       100%        3
 Ignite Poison            Fire/Tmut/Pois 0%         N/A       100%        3
 Mephitic Cloud           Conj/Pois/Air  0%         N/A       100%        3
 Sigil of Binding         Hex            0%         N/A       100%        3
 Stone Arrow              Conj/Erth      0%         3d7       100%        3
 Vampiric Draining        Necr           0%         2d6       100%        3
 Volatile Blastmotes      Fire/Tloc      0%         2d10      100%        3
 Airstrike                Air            0%         2d(0-16)  100%        4
 Anguish                  Hex/Necr       0%         N/A       100%        4
 Animate Dead             Necr           0%         N/A       100%        4
 Brom's Barrelling Bould  Conj/Erth      0%         2d3       100%        4
 Cause Fear               Hex            0%         N/A       100%        4
 Dispel Undead            Necr           0%         3d6       100%        4
 Fulminant Prism          Conj/Hex       0%         3d5       100%        4
 Iskenderun's Mystic Bla  Conj/Tloc      0%         2d3       100%        4
 Manifold Assault         Tloc           0%         N/A       100%        4
 Olgreb's Toxic Radiance  Pois           0%         N/A       100%        4
 Passage of Golubria      Tloc           0%         N/A       100%        4
 Petrify                  Tmut/Erth      0%         N/A       100%        4
 Summon Ice Beast         Ice/Summ       0%         N/A       100%        4
 Summon Lightning Spire   Summ/Air       0%         N/A       100%        4
 Vhi's Electric Charge    Tloc/Air       0%         N/A       100%        4
 Agony                    Necr           0%         N/A       100%        5
 Arcjolt                  Conj/Air       0%         1d10      100%        5
 Borgnjor's Vile Clutch   Necr/Erth      0%         N/A       100%        5
 Freezing Cloud           Conj/Ice/Air   0%         6-21      100%        5
 Irradiate                Conj/Tmut      0%         3d11      100%        5
 Silence                  Hex/Air        0%         N/A       100%        5
 Summon Forest            Summ/Tloc      0%         N/A       100%        5
 Eringya's Noxious Bog    Tmut/Pois      0%         4d6       100%        6
 Plasma Beam              Fire/Air       0%         2x1d10    100%        6
 Simulacrum               Ice/Necr       0%         N/A       100%        6
 Starburst                Conj/Fire      0%         6d3       100%        6
 Enfeeble                 Hex            0%         N/A       100%        7
 Haunt                    Necr/Summ      0%         N/A       100%        7
 Malign Gateway           Summ/Tloc      0%         N/A       100%        7
 Ozocubu's Refrigeration  Ice            0%         4d7       100%        7
 Spellforged Servitor     Conj/Summ      0%         N/A       100%        7
 Summon Hydra             Summ           0%         N/A       100%        7
 Discord                  Hex            0%         N/A       100%        8
 Ignition                 Fire           0%         3d3       100%        8
 Infestation              Necr           0%         N/A       100%        8
 Lehudib's Crystal Spear  Conj/Erth      0%         10d2      100%        8
 Maxwell's Capacitive Co  Air            0%         ∞         100%        8
 Summon Horrible Things   Summ           0%         N/A       100%        8
 Polar Vortex             Ice            0%         N/A       100%        9
 Shatter                  Erth           0%         3d5*      100%        9


Dungeon Overview and Level Annotations

Branches:
Dungeon (15/15)            Temple (1/1) D:7            Lair (5/5) D:9
  Swamp (4/4) Lair:3        Snake (4/4) Lair:2        Slime (0/5) Lair:4
    Orc (2/2) D:11            Elf (3/3) Orc:2        Vaults (5/5) D:13
  Crypt (0/3) Vaults:2     Depths (4/4) D:15           Hell (visited)
    Zot (5/5) Depths:4      Sewer (visited)
    Dis: Hell:1         Geh: Hell:1         Coc: Hell:1         Tar: Hell:1

Altars:
Ashenzari
Cheibriados
Dithmenos
Elyvilon
Fedhas
Gozag
Hepliaklqana
Kikubaaqudgha
Makhleb
Nemelex Xobeh
Okawaru
Qazlal
Ru
Sif Muna
Trog
Uskayaw
Vehumet
Wu Jian
Xom
Yredelemnul
Zin
The Shining One
Jiyva

Shops:
D:3 !   D:4 (   Orc:2 *!=*   Elf:1 !   Elf:2 =   Elf:3 **   Snake:1 :=
Snake:2 *   Vaults:2 [*(*   Vaults:4 (   Depths:1 (?*(   Depths:4 :=:

Portals:
Hell: Depths:1 Depths:2 Depths:3 Depths:4
Abyss: Depths:2 Depths:3 Depths:4
Pandemonium: Depths:1 Depths:2
Ziggurat: Depths:3

Annotations:
Swamp:1 1 runed translucent door, hattop's ghost, journeyman GrSh
Orc:1 1 runed translucent door
Elf:2 3 runed translucent doors


Innate Abilities, Weirdness & Mutations

You are too large for most types of armour.
You have claws for hands.
Your natural rate of healing is unusually fast.
You are covered in fur. (AC +1)
You have tough skin. (AC +1)
You have a pair of small antennae on your head.
You have sharp toenails.
You are frail. (-10% HP)
You have hidden genetic defects.


Message History

You mangle the yellow draconian!!
The yellow draconian is almost dead.
The Killer Klown blinks!
The purple draconian shifter breathes dispelling energy at you.
The bolt of dispelling energy hits you!!
You feel strangely stable.
Your magical effects are unravelling.
* * * LOW HITPOINT WARNING * * *
The yellow draconian spits acid at you.
The glob of acid hits you but does no damage.
The Killer Klown blinks!
You spin and attack the Killer Klown repeatedly.
You closely miss the Killer Klown. You claw the Killer Klown!
Your kick misses the Killer Klown. You claw the Killer Klown!!
The Killer Klown is moderately wounded.
You feel yourself speed up.
The world stops spinning.
The purple draconian shifter mumbles some strange words.
The purple draconian shifter blinks!
The Killer Klown pies you viciously! The klown pie misses you.
You spin and attack the green draconian repeatedly.
You closely miss the green draconian. You claw the green draconian!
The green draconian is moderately wounded.
You mangle the green draconian!! You claw the green draconian!
Your claw misses the green draconian.
The green draconian is severely wounded.
You feel you are being watched by something.
You feel your power leaking away.
The Killer Klown blinks!
The green draconian closely misses you. The green draconian barely misses you.
Found a potion of ambrosia.
You feel your anger nearly subside.
You are no longer berserk.
You are exhausted.
You feel yourself slow down.
The orb of fire emits a lurid red light.
The fireball explodes!
The fireball engulfs you!!! You resist.
* * * LOW HITPOINT WARNING * * *
The Killer Klown attacks as it pursues you!
The Killer Klown teases you with a +11 club of venom.
You die...

..# #...................,*
..## #...................,*
...###...................,*
#...###.......^○.........**
##....##........°.......#*
###......^....°°..^...#*
#▓▓▓▓▓▓▓▓▓▓▓##....8▓▓
▓▓▓▓.....*.........▓*
##▓.(...q.{pdp@.......▓*
##..°.....Xz*...........**
#...........Xd.!.....$.$,*
*▓.........Xpq9..........,*
▓▓.....^....p.........^..**
.▓○.......§.............▓*
......§[.........^...^.▓*
.▓§....................!**
*▓.§...................,,**


You could see 2 orbs of fire, 4 Killer Klowns, an electric golem, 2 draconians,
a yellow draconian, a green draconian, a death cob and 3 Orb Guardians.

Vanquished Creatures
  A dread lich (Zot:5)
  An ancient lich (Vaults:5)
  An orb of fire (Zot:5)
  Sojobo (Vaults:3)
  Boris (twice) (Depths:4 Vaults:5)
  Frederick (Vaults:4)
  Margery (Depths:4)
  Bai Suzhen (Snake:4)
  Vashnia (Snake:3)
  4 caustic shrikes (Depths:3)
  Xtahua (Depths:4)
  Geryon (Hell)
  6 golden dragons
  Jory (Vaults:3)
  7 tentacled monstrosities
  Jorgrun (Orc:1)
  Rupert (D:15)
  The ghost of Bediveer the Severer, an adept DsMo of Okawaru (Vaults:2)
  A walking crystal tome (Depths:3)
  A walking earthen tome (Depths:4)
  2 deep elf master archers (Elf:3)
  9 Orb Guardians (Zot:5)
  2 quicksilver dragons (Depths:4)
  2 deep elf blademasters (Elf:3)
  8 titans
  4 sphinxes
  5 death cobs
  Kirke (Snake:4)
  10 tengu reavers
  Gastronok (Lair:2)
  A thorn hunter (Swamp:4)
  Donald (Swamp:4)
  4 shadow dragons
  8 storm dragons
  Roxanne (Snake:1)
  9 draconian monks
  7 nagarajas
  12 fire giants
  Aizul (Snake:1)
  4 iron dragons
  5 frost giants
  Louise (Snake:1)
  A balrug (Depths:4)
  A draconian scorcher (Depths:4)
  A juggernaut zombie (Depths:3)
  6 deep elf elementalists (Elf:3)
  7 deep elf sorcerers
  18 vault wardens
  An orc warlord (Vaults:1)
  A cacodemon (Hell)
  23 very ugly things
  18 ironbound preservers
  14 stone giants
  7 war gargoyles
  2 draconian annihilators
  Nessos (D:13)
  7 eleionomae
  4 ironbound thunderhulks
  7 deep elf annihilators
  2 vampire knights
  4 red draconians
  7 deep elf demonologists
  3 formless jellyfish
  5 bunyips
  6 dire elephants
  8 green draconians
  6 black draconians
  16 spark wasps (Depths:3)
  6 purple draconians (Depths:4)
  4 white draconians
  6 deep elf death magi
  Snorg (Orc:1)
  15 ettins
  A quicksilver dragon zombie (Depths:3)
  8 great orbs of eyes
  2 entropy weavers
  A spriggan zombie (Hell)
  4 deep elf high priests
  Josephine (D:11)
  3 shambling mangroves
  10 yaktaur captains
  2 salamander tyrants
  A caustic shrike simulacrum (Hell)
  Harold (D:9)
  7 fire dragons
  10 ice dragons
  Erolcha (D:13)
  3 rakshasas
  2 spriggan air magi
  2 peacekeepers
  2 hell beasts (Hell)
  38 vault guards
  16 hydras
  Erica (D:10)
  11 ironbound frosthearts
  7 alligators
  6 two-headed ogres
  5 boulder beetles
  18 dancing weapons
  5 deep troll shamans
  4 anacondas
  16 centaur warriors
  A death yak (Lair:5)
  15 naga warriors
  An anaconda (shapeshifter) (Vaults:5)
  A demonic crawler (Hell)
  2 hell hogs (Depths:4)
  19 naga sharpshooters
  4 orc high priests
  Urug (D:10)
  A tengu warrior (Depths:1)
  10 spriggan berserkers
  2 deep troll earth magi
  8 hell knights
  3 soul eaters
  7 deep elf knights
  2 skysharks
  8 sun demons
  Sonja (Lair:3)
  8 shock serpents
  An iron troll (Depths:1)
  11 spriggans
  4 salamander mystics
  Amaemon (D:11)
  4 skeletal warriors (D:14)
  A sixfirhy (Depths:2)
  A death drake (Depths:4)
  59 deep trolls
  5 goliath frogs
  A flayed ghost (Depths:1)
  3 glowing orange brains
  Lodul (D:10)
  2 spriggan druids
  A shadow demon (Depths:2)
  10 naga ritualists
  5 occultists
  A steelbarb worm (shapeshifter) (Vaults:4)
  17 deep elf pyromancers
  9 deep elf archers
  A phantasmal warrior (Vaults:3)
  2 lindwurms (Lair:5)
  13 ironbound convokers
  9 mana vipers
  Pikel (D:8)
  9 swamp dragons
  A wolf spider (Vaults:5)
  7 necromancers
  18 deep elf zephyrmancers
  35 ugly things
  12 orc knights
  7 orc sorcerers
  4 will-o-the-wisps
  An iron dragon zombie (Hell)
  9 salamanders
  7 cyclopes
  A draconian zombie (Hell)
  3 manticores
  6 centaur zombies
  A salamander (shapeshifter) (Vaults:5)
  2 moths of wrath (shapeshifter)
  5 moths of wrath
  20 vault sentinels
  8 naga magi
  9 rust devils (Hell)
  33 black mambas
  A dire elephant zombie (Hell)
  A human skeleton (Hell)
  8 smoke demons
  Joseph (D:8)
  2 orange demons
  2 centaur skeletons (D:15)
  3 gargoyles
  A torpor snail (shapeshifter) (D:14)
  6 guardian serpents
  14 cane toads
  6 torpor snails (Lair:5)
  2 kobold demonologists (D:9)
  A cane toad (shapeshifter) (D:14)
  2 unseen horrors
  9 komodo dragons
  4 rime drakes
  A yaktaur (shapeshifter) (Elf:3)
  An efreet (D:14)
  3 freezing wraiths
  36 yaktaurs
  A bunyip simulacrum (Hell)
  3 red devils
  5 tengu conjurers
  2 burning bushes (Lair:2)
  3 meliai (D:14)
  6 trolls
  2 bloated husks
  3 polar bears
  12 tyrant leeches
  A shadow dragon simulacrum (Hell)
  Prince Ribbit (D:7)
  A hellwing (Depths:2)
  An ice dragon zombie (Hell)
  21 hornets
  Grinder (D:5)
  12 blink frogs
  12 dream sheep
  A stone giant simulacrum (Hell)
  A meliai zombie (D:11)
  3 jumping spiders
  22 slime creatures
  5 wraiths (D:11)
  A dire elephant simulacrum (Hell)
  5 vampires
  7 water elementals
  3 shadows
  2 centaur simulacra
  2 air elementals (Elf:2)
  5 fire elementals
  A wyvern (Lair:2)
  A yak (shapeshifter) (D:15)
  Grum (D:8)
  5 hogs (Snake:4)
  A golden eye (shapeshifter) (D:14)
  3 steam dragons (Lair:5)
  58 yaks
  5 basilisks
  3 vampire mosquitoes
  2 redbacks (Vaults:3)
  13 swamp worms
  42 nagas
  3 acid dragons
  A glowing shapeshifter zombie (Depths:3)
  3 wargs (Orc:1)
  20 water moccasins
  25 orc warriors
  10 swamp drakes
  3 ice beasts
  A sky beast (D:7)
  5 black bears
  An ettin simulacrum (Hell)
  9 centaurs
  14 ogres
  6 wolves
  Blork the orc (D:5)
  15 bullfrogs
  A gnoll sergeant (D:11)
  5 kobold brigands
  4 scorpions
  An earth elemental (Elf:1)
  9 wights
  5 howler monkeys
  5 killer bees (D:8)
  3 electric eels
  19 orc priests
  2 hounds (D:5)
  5 jellies
  2 gnoll boudas
  2 sleepcaps (D:6)
  Terence (D:2)
  16 orc wizards
  9 iguanas
  7 hell rats (Lair:5)
  A boggart zombie (D:11)
  15 gnolls
  12 adders
  7 river rats
  A shadow imp (D:6)
  An adder zombie (D:3)
  7 worms
  3 dart slugs
  72 orcs
  6 endoplasms
  5 giant cockroaches (Sewer)
  5 goblins
  5 hobgoblins
  A jackal (Sewer)
  28 kobolds
  4 quokkas
  12 ball pythons
  A ball python zombie (D:3)
  10 bats
  6 frilled lizards
  A quokka zombie (D:3)
  17 rats
1800 creatures vanquished.

Vanquished Creatures (collateral kills)
  A shadow dragon (Depths:4)
  A fire dragon (Depths:4)
  2 hell knights (Depths:4)
  A deep troll (Vaults:4)
  A naga ritualist (Snake:3)
  A necromancer (Depths:4)
  2 nagas (Snake:3)
  A gnoll bouda (D:6)
10 creatures vanquished.

Vanquished Creatures (others)
  A shadow wraith (D:12)
  A deep troll (Vaults:4)
  2 bloated husks
  2 orc priests (Orc:2)
  6 foxfires
12 creatures vanquished.

Grand Total: 1822 creatures vanquished

Notes
Turn   | Place    | Note
-------+----------+-------------------------------------------
     0 | D:1      | experimilk the Troll Gladiator began the quest for the Orb.
     0 | D:1      | Reached XP level 1. HP: 19/19 MP: 0/0
   296 | D:1      | Reached XP level 2. HP: 26/27 MP: 1/1
   631 | D:1      | Reached skill level 4 in Unarmed Combat
   718 | D:2      | You fall into a shaft and drop 2 floors!
   860 | D:4      | Reached XP level 3. HP: 31/33 MP: 2/2
   987 | D:4      | Found a burning altar of Makhleb.
  1368 | D:3      | Reached skill level 5 in Unarmed Combat
  1368 | D:3      | Reached XP level 4. HP: 19/41 MP: 3/3
  1454 | D:3      | Found a glowing drain.
  1461 | Sewer    | Entered a sewer
  1539 | Sewer    | Reached XP level 5. HP: 48/48 MP: 4/4
  1691 | Sewer    | Reached skill level 6 in Unarmed Combat
  2559 | D:3      | Found Orphanoan's Distillery.
  2576 | D:3      | Bought a potion of heal wounds for 60 gold pieces
  2576 | D:3      | Bought a potion of heal wounds for 60 gold pieces
  2933 | D:3      | Found a basalt altar of Yredelemnul.
  3079 | D:3      | Found a faded altar of an unknown god.
  3151 | D:2      | Noticed Terence
  3164 | D:2      | Killed Terence
  3209 | D:2      | Reached XP level 6. HP: 52/55 MP: 5/5
  3712 | D:4      | Found Narph's Antique Weapon Shop.
  4008 | D:5      | Entered Level 5 of the Dungeon
  4037 | D:5      | Reached skill level 7 in Unarmed Combat
  4059 | D:5      | Noticed Grinder
  4086 | D:5      | Killed Grinder
  4087 | D:5      | Reached skill level 8 in Unarmed Combat
  4087 | D:5      | Reached XP level 7. HP: 37/62 MP: 6/6
  4576 | D:5      | Reached skill level 9 in Unarmed Combat
  5011 | D:5      | Noticed Blork the orc
  5287 | D:5      | Identified 2 scrolls of acquirement
  5287 | D:5      | Acquired 1059 gold pieces
  5289 | D:5      | Acquired a manual of Armour
  5309 | D:5      | Found a snail-covered altar of Cheibriados.
  5358 | D:5      | Killed Blork the orc
  5359 | D:5      | Reached skill level 1 in Armour
  5359 | D:5      | Reached XP level 8. HP: 53/70 MP: 7/7
  5435 | D:5      | Reached skill level 10 in Unarmed Combat
  5630 | D:6      | Found a shimmering blue altar of Sif Muna.
  6094 | D:6      | Identified the +2 ring mail "Duliyx" {Int+2 Dex-5 Slay+2
                  | SInv}
  6128 | D:6      | Reached skill level 5 in Armour
  6907 | D:6      | Reached XP level 9. HP: 76/76 MP: 8/8
  7430 | D:7      | Found a staircase to the Ecumenical Temple.
  7443 | D:7      | Noticed Prince Ribbit
  7449 | D:7      | Killed Prince Ribbit
  7534 | D:7      | Reached skill level 10 in Armour
  7730 | Temple   | Entered the Ecumenical Temple
  7754 | Temple   | Became a worshipper of the Wu Jian Council
  8458 | D:8      | Noticed Grum
  8469 | D:8      | Killed Grum
  8811 | D:8      | Reached * piety under Wu Jian
  8847 | D:8      | Reached skill level 5 in Throwing
  9189 | D:8      | Noticed Pikel
  9192 | D:8      | Killed Pikel
  9193 | D:8      | Reached XP level 10. HP: 85/85 MP: 9/9
  9428 | D:8      | Noticed Joseph
  9438 | D:8      | Killed Joseph
  9963 | D:9      | Noticed Harold
  9984 | D:9      | Killed Harold
 10432 | D:9      | Reached ** piety under Wu Jian
 10660 | D:9      | Found a staircase to the Lair.
 10665 | D:9      | Noticed an orange demon
 10732 | D:9      | Reached XP level 11. HP: 85/92 MP: 10/10
 10787 | D:9      | Reached *** piety under Wu Jian
 11156 | D:10     | Entered Level 10 of the Dungeon
 11190 | D:10     | Reached skill level 10 in Throwing
 11378 | D:10     | Noticed Lodul
 11384 | D:10     | Killed Lodul
 11590 | D:10     | Found a bloodstained altar of Trog.
 11649 | D:10     | Noticed Urug
 11666 | D:10     | Killed Urug
 12133 | D:10     | Reached skill level 5 in Fighting
 12362 | D:10     | Found a sparkling altar of Nemelex Xobeh.
 12362 | D:10     | Found a hazy altar of Hepliaklqana.
 12683 | D:10     | Noticed Erica
 12693 | D:10     | Killed Erica
 12758 | Lair:1   | Entered Level 1 of the Lair of Beasts
 13233 | Lair:1   | Found the +9 scales of the Dragon King {rPois rF+ rC+
                  | Will+}
 13725 | Lair:2   | Reached XP level 12. HP: 119/119 MP: 11/11
 13728 | Lair:2   | Found the +8 demon blade "Leech" {evervamp, Harm Drain rN+}
 13789 | Lair:2   | Noticed a six-headed hydra
 13817 | Lair:2   | Killed an eight-headed hydra
 14031 | Lair:2   | Identified the ring "Ugivef" {Fly Str+3 Dex+3}
 14920 | Lair:2   | Noticed Gastronok
 14931 | Lair:2   | Killed Gastronok
 14932 | Lair:2   | Reached skill level 10 in Fighting
 15046 | Lair:2   | Found a staircase to the Snake Pit.
 15770 | Lair:3   | Noticed Sonja
 15780 | Lair:3   | Killed Sonja
 15838 | Lair:3   | Found a staircase to the Swamp.
 15972 | Lair:3   | Reached skill level 11 in Unarmed Combat
 16621 | Lair:4   | Reached XP level 13. HP: 133/133 MP: 12/12
 16696 | Lair:4   | Reached **** piety under Wu Jian
 16705 | Lair:4   | Reached skill level 12 in Unarmed Combat
 16819 | Lair:4   | Identified the +5 plate armour of the Unseen Realm {rF+
                  | rCorr Str+3 Dex+2}
 16874 | Lair:4   | Identified the +1 robe "Visy" {Str+3}
 16953 | Lair:4   | Found a staircase to the Slime Pits.
 16954 | Lair:4   | Found a viscous altar of Jiyva.
 17431 | Lair:5   | Entered Level 5 of the Lair of Beasts
 17592 | Lair:5   | Reached skill level 13 in Unarmed Combat
 17686 | Lair:5   | Reached ***** piety under Wu Jian
 17691 | Lair:5   | Reached skill level 14 in Unarmed Combat
 18087 | Lair:5   | Noticed a fire dragon
 18095 | Lair:5   | Killed a fire dragon
 18263 | Lair:5   | Reached skill level 15 in Unarmed Combat
 18532 | Lair:5   | Found a runed translucent door.
 18554 | Lair:5   | Reached XP level 14. HP: 105/144 MP: 13/13
 19896 | D:11     | Found a staircase to the Orcish Mines.
 19974 | D:11     | Noticed Josephine
 19987 | D:11     | Killed Josephine
 20590 | D:11     | Noticed Amaemon
 20602 | D:11     | Killed Amaemon
 20741 | Orc:1    | Entered Level 1 of the Orcish Mines
 20819 | Orc:1    | Noticed Snorg
 20829 | Orc:1    | Killed Snorg
 21075 | Orc:1    | Reached ****** piety under Wu Jian
 21436 | Orc:1    | Noticed Jorgrun
 21452 | Orc:1    | Killed Jorgrun
 21598 | Orc:1    | Found a runed translucent door.
 21601 | Orc:1    | Noticed a balrug
 21666 | Orc:2    | Entered Level 2 of the Orcish Mines
 21680 | Orc:2    | Found a staircase to the Elven Halls.
 21980 | Orc:2    | Gained mutation: Your body sometimes deteriorates upon
                  | taking damage. [a neqoxec]
 22369 | Orc:2    | Reached XP level 15. HP: 58/163 MP: 14/14
 22370 | Orc:2    | Found Wusiz's Assorted Antiques.
 22370 | Orc:2    | Found Hilin's Assorted Antiques.
 22372 | Orc:2    | Found Qilunk's Distillery.
 22372 | Orc:2    | Found Tuaxif's Jewellery Shoppe.
 22719 | Orc:2    | Bought a potion of curing for 39 gold pieces
 22719 | Orc:2    | Bought 2 potions of might for 104 gold pieces
 22719 | Orc:2    | Bought a potion of curing for 39 gold pieces
 22719 | Orc:2    | Bought a potion of resistance for 130 gold pieces
 22719 | Orc:2    | Bought a potion of curing for 39 gold pieces
 22722 | Orc:2    | Bought a potion of haste for 280 gold pieces
 22722 | Orc:2    | Bought a potion of curing for 84 gold pieces
 22722 | Orc:2    | Bought a scroll of fear for 112 gold pieces
 22727 | Orc:2    | Bought a scroll of teleportation for 57 gold pieces
 22750 | Orc:2    | Bought a scroll of identify for 56 gold pieces
 23323 | D:12     | Found an opulent altar of Gozag.
 23456 | D:12     | Upgraded the game from 0.31-a0-636-ge1c0e020e0 to
                  | 0.31-a0-664-g902f515a81
 23559 | D:12     | Identified the +0 cloak "Gakhly Qups" {rF+}
 23593 | D:12     | Found a shimmering blue altar of Sif Muna.
 23595 | D:12     | Found a glowing silver altar of Zin.
 23613 | D:12     | Found an opulent altar of Gozag.
 23613 | D:12     | Found a glowing silver altar of Zin.
 24259 | D:13     | Reached skill level 15 in Fighting
 24361 | D:13     | Noticed Erolcha
 24371 | D:13     | Killed Erolcha
 24448 | D:13     | Noticed Nessos
 24458 | D:13     | Killed Nessos
 24989 | D:13     | Found a gate to the Vaults.
 25150 | D:13     | Upgraded the game from 0.31-a0-664-g902f515a81 to
                  | 0.31-a0-667-g39726597b9
 25220 | D:14     | Reached skill level 16 in Unarmed Combat
 25671 | D:14     | Found a runed translucent door.
 26076 | D:14     | Noticed a storm dragon
 26084 | D:14     | Killed a storm dragon
 26124 | D:14     | Identified the +7 trident of Disorder {elec, *Noise rElec
                  | Dex+3}
 26279 | D:15     | Entered Level 15 of the Dungeon
 26493 | D:15     | Noticed Rupert
 26501 | D:15     | Killed Rupert
 26615 | D:15     | Reached XP level 16. HP: 176/176 MP: 15/15
 26726 | D:15     | Found a staircase to the Depths.
 26737 | D:15     | Reached skill level 17 in Unarmed Combat
 27612 | Snake:1  | Entered Level 1 of the Snake Pit
 27612 | Snake:1  | Noticed Louise
 27617 | Abyss:3  | Cast into level 3 of the Abyss (Louise)
 27631 | Snake:1  | Escaped the Abyss
 27632 | Snake:1  | Killed Louise
 27664 | Snake:1  | You are sucked into a shaft and drop 1 floor!
 27866 | Snake:1  | Identified the +0 arbalest "Beetlebane" {freeze, rF- rC+
                  | rCorr Dex+5}
 27900 | Snake:1  | Found Emotun's Jewellery Shop.
 27910 | Snake:1  | Found Wuizaino's Self-Improvement Boutique.
 28047 | Lair:1   | Lost mutation: Your body sometimes deteriorates upon taking
                  | damage. [potion of mutation]
 28047 | Lair:1   | Gained mutation: You have hidden genetic defects. [potion
                  | of mutation]
 28047 | Lair:1   | Gained mutation: You have an increased reservoir of magic.
                  | (+10% MP) [potion of mutation]
 28048 | Lair:1   | Lost mutation: You have an increased reservoir of magic.
                  | (+10% MP) [potion of mutation]
 28048 | Lair:1   | Lost mutation: You have hidden genetic defects. [potion of
                  | mutation]
 28048 | Lair:1   | Gained mutation: You occasionally lose the ability to read
                  | scrolls when taking damage. [potion of mutation]
 28048 | Lair:1   | Gained mutation: You sometimes lose the ability to read
                  | scrolls when taking damage. [potion of mutation]
 28048 | Lair:1   | Gained mutation: Armour fits poorly on your strangely
                  | shaped body. [potion of mutation]
 28049 | Lair:1   | Lost mutation: You sometimes lose the ability to read
                  | scrolls when taking damage. [potion of mutation]
 28049 | Lair:1   | Lost mutation: You occasionally lose the ability to read
                  | scrolls when taking damage. [potion of mutation]
 28049 | Lair:1   | Gained mutation: Your spells are a little easier to cast,
                  | but a little less powerful. [potion of mutation]
 28049 | Lair:1   | Gained mutation: Your muscles are strong. (Str +4, Int/Dex
                  | -1) [potion of mutation]
 28050 | Lair:1   | Lost mutation: Your muscles are strong. (Str +4, Int/Dex
                  | -1) [potion of mutation]
 28050 | Lair:1   | Lost mutation: Armour fits poorly on your strangely shaped
                  | body. [potion of mutation]
 28050 | Lair:1   | Gained mutation: You are resistant to electric shocks.
                  | (rElec) [potion of mutation]
 28050 | Lair:1   | Gained mutation: Potions are less effective at restoring
                  | your health. [potion of mutation]
 28050 | Lair:1   | Gained mutation: You have large cloven feet. [potion of
                  | mutation]
 28051 | Lair:1   | Lost mutation: You have large cloven feet. [potion of
                  | mutation]
 28051 | Lair:1   | Lost mutation: You are resistant to electric shocks.
                  | (rElec) [potion of mutation]
 28051 | Lair:1   | Lost mutation: Potions are less effective at restoring your
                  | health. [potion of mutation]
 28051 | Lair:1   | Gained mutation: Your skin changes colour to match your
                  | surroundings (Stealth+). [potion of mutation]
 28051 | Lair:1   | Gained mutation: Your muscles are strong. (Str +4, Int/Dex
                  | -1) [potion of mutation]
 28153 | Snake:1  | Noticed Aizul
 28162 | Snake:1  | Killed Aizul
 28460 | Snake:1  | Noticed Roxanne
 28472 | Snake:1  | Killed Roxanne
 29209 | Snake:2  | Reached skill level 18 in Unarmed Combat
 29276 | Snake:2  | Found Qadanel's Assorted Antiques.
 29414 | Snake:2  | Bought a scroll of teleportation for 108 gold pieces
 29414 | Snake:2  | Bought 2 inky potions for 64 gold pieces
 30258 | Snake:3  | Identified the +4 robe of Qithrehog {*Corrode Str+2 Slay+2}
 30291 | Snake:3  | Noticed Vashnia
 30393 | Snake:3  | Killed Vashnia
 30577 | Snake:3  | Reached skill level 19 in Unarmed Combat
 30743 | Snake:3  | Got Teyrham's Starting Spellweaving
 31040 | Snake:3  | Reached XP level 17. HP: 181/184 MP: 16/16
 31304 | Snake:3  | Acquired the +2 cloak of the Bagpipe {rC+ Will+}
 31342 | Snake:4  | Entered Level 4 of the Snake Pit
 31366 | Snake:4  | Reached skill level 15 in Armour
 31516 | Snake:4  | Noticed Bai Suzhen
 31524 | Snake:4  | Killed Bai Suzhen
 31712 | Snake:4  | Noticed Kirke
 31721 | Snake:4  | Reached skill level 20 in Unarmed Combat
 31761 | Snake:4  | Killed Kirke
 32605 | Snake:4  | Got a serpentine rune of Zot
 32817 | Swamp:1  | Entered Level 1 of the Swamp
 33205 | Swamp:1  | Found a runed translucent door.
 33206 | Swamp:1  | Found a shimmering altar of Xom.
 33206 | Swamp:1  | Noticed hattop's ghost (journeyman GrSh)
 33206 | Swamp:1  | Identified the +2 halberd "Diryzeup" {chaos, rElec rC- MP+9
                  | Stlth+}
 33750 | Swamp:2  | Paralysed by a hornet for 1 turns
 33895 | Swamp:2  | You fall into a shaft and drop 1 floor!
 33898 | Swamp:3  | Reached XP level 18. HP: 193/196 MP: 17/17
 35016 | Swamp:4  | Entered Level 4 of the Swamp
 35260 | Swamp:4  | Identified the +0 kite shield "Roesup" {rN+++ Will+ Str-2
                  | Int+3}
 35260 | Swamp:4  | Noticed Donald
 35269 | Swamp:4  | Reached skill level 5 in Dodging
 35271 | Swamp:4  | Killed Donald
 35647 | Swamp:4  | Got a decaying rune of Zot
 35996 | Depths:1 | Entered Level 1 of the Depths
 36640 | Depths:1 | Found a one-way gate leading to the halls of Pandemonium.
 36662 | Depths:1 | Found Ysusimah's Magic Scroll Shop.
 36666 | Depths:1 | Found Zofieny's Antique Weapon Boutique.
 36666 | Depths:1 | Found Mowkepui's Antique Weapon Shop.
 36671 | Depths:1 | Bought a scroll of acquirement for 936 gold pieces
 36671 | Depths:1 | Bought a scroll of fog for 72 gold pieces
 36671 | Depths:1 | Bought a scroll of fear for 72 gold pieces
 36671 | Depths:1 | Bought a scroll of fear for 72 gold pieces
 36671 | Depths:1 | Acquired 776 gold pieces
 36673 | Depths:1 | Found Cinloirch's General Store.
 36679 | Depths:1 | Bought a potion of curing for 33 gold pieces
 36679 | Depths:1 | Bought a scroll of fear for 44 gold pieces
 37102 | Depths:1 | You fall into a shaft and drop 1 floor!
 37335 | Depths:1 | Found a gateway to Hell.
 37637 | Vaults:1 | Entered Level 1 of the Vaults
 38225 | Vaults:1 | Reached XP level 19. HP: 194/209 MP: 18/18
 39547 | Vaults:2 | Found Xuofej's Antique Armour Emporium.
 39579 | Vaults:2 | Found a staircase to the Crypt.
 39813 | Vaults:2 | Found a runed translucent door.
 39813 | Vaults:2 | Noticed Bediveer's ghost (adept DsMo)
 40331 | Vaults:2 | Found Gozag's Assorted Antiques.
 40332 | Vaults:2 | Found Gozag's Assorted Antiques.
 40335 | Vaults:2 | Found an opulent altar of Gozag.
 40338 | Vaults:2 | Bought a potion of resistance for 1000 gold pieces
 40343 | Vaults:2 | Found Gozag's Antique Weapon Boutique.
 40346 | Vaults:2 | Bought a potion of mutation for 800 gold pieces
 40619 | Vaults:2 | Killed Bediveer's ghost
 40755 | Vaults:2 | Upgraded the game from 0.31-a0-667-g39726597b9 to
                  | 0.31-a0-986-g5e6e4ef867
 40760 | Vaults:2 | Lost mutation: Your spells are a little easier to cast, but
                  | a little less powerful. [potion of mutation]
 40760 | Vaults:2 | Lost mutation: Your muscles are strong. (Str +4, Int/Dex
                  | -1) [potion of mutation]
 40760 | Vaults:2 | Lost mutation: Your skin changes colour to match your
                  | surroundings (Stealth+). [potion of mutation]
 40760 | Vaults:2 | Gained mutation: You are strong-willed. (Will+) [potion of
                  | mutation]
 40760 | Vaults:2 | Lost mutation: You are strong-willed. (Will+) [potion of
                  | mutation]
 40760 | Vaults:2 | Gained mutation: You have a pair of small horns on your
                  | head. [potion of mutation]
 41385 | Vaults:3 | Reached XP level 20. HP: 215/223 MP: 19/19
 41535 | Vaults:3 | Noticed Jory
 41548 | Vaults:3 | Killed Jory
 41604 | Vaults:3 | Noticed Sojobo
 41616 | Vaults:3 | Killed Sojobo
 42165 | Vaults:4 | Noticed Frederick
 42174 | Vaults:4 | Killed Frederick
 43228 | Vaults:4 | Found Jetsis's Weapon Shoppe.
 43773 | Orc:2    | Upgraded the game from 0.31-a0-986-g5e6e4ef867 to
                  | 0.31-a0-1071-gaead2f62b1
 44551 | Depths:2 | Identified the +9 hand axe "Fefengam" {freeze, *Noise rCorr
                  | Int+2}
 44925 | Depths:2 | Identified the +1 halberd "Gileym" {heavy, Str-3 Dex+9}
 44964 | Depths:2 | Found a one-way gate to the infinite horrors of the Abyss.
 45494 | Depths:3 | Reached XP level 21. HP: 180/235 MP: 20/20
 45834 | Depths:3 | Found a one-way gateway to a ziggurat.
 45931 | Depths:3 | Found a glowing golden altar of the Shining One.
 45976 | Depths:3 | Identified the +1 scale mail "Feceusei" {Fly rElec}
 46233 | Depths:3 | Identified the +5 ring mail of Freedom {rElec rF- Regen+
                  | rCorr}
 46310 | Depths:3 | Noticed a caustic shrike
 46314 | Depths:3 | Killed a caustic shrike
 46952 | Depths:4 | Entered Level 4 of the Depths
 46999 | Depths:4 | Noticed Boris
 47010 | Depths:4 | Killed Boris
 47090 | Depths:4 | Noticed a caustic shrike
 47137 | Depths:4 | Noticed a caustic shrike
 47138 | Depths:4 | Noticed a caustic shrike
 47145 | Depths:3 | Killed a caustic shrike
 47275 | Depths:3 | Killed a caustic shrike
 47512 | Depths:4 | Noticed Xtahua
 47521 | Depths:4 | Noticed a caustic shrike
 47539 | Depths:3 | Killed a caustic shrike
 47892 | Depths:4 | Killed Xtahua
 48013 | Depths:4 | Reached skill level 15 in Throwing
 48501 | Depths:4 | Noticed Margery
 48512 | Depths:4 | Killed Margery
 48752 | Depths:4 | Reached skill level 10 in Dodging
 48765 | Depths:4 | Reached XP level 22. HP: 221/247 MP: 21/21
 48792 | Depths:4 | Noticed a golden dragon
 49097 | Depths:4 | Killed a golden dragon
 49202 | Depths:4 | Found a gate to the Realm of Zot.
 49303 | Depths:4 | Noticed a golden dragon
 49308 | Depths:4 | Killed a golden dragon
 49358 | Depths:4 | Got the Atlas of the Commander
 49519 | Depths:4 | Noticed a golden dragon
 49525 | Depths:4 | Killed a golden dragon
 49549 | Depths:4 | Noticed a golden dragon
 49550 | Depths:4 | Noticed a golden dragon
 49556 | Depths:4 | Killed a golden dragon
 49558 | Depths:4 | Killed a golden dragon
 49638 | Depths:4 | Found Boyxkeck's Book Shop.
 49638 | Depths:4 | Found Nyum's Jewellery Emporium.
 49639 | Depths:4 | Found Ibecez's Book Shop.
 49853 | Depths:4 | Upgraded the game from 0.31-a0-1071-gaead2f62b1 to
                  | 0.31-a0-1074-g0b22e4e0f1
 49892 | Hell     | Entered the Vestibule of Hell
 49892 | Hell     | Noticed Geryon
 49909 | Hell     | Killed Geryon
 50195 | Elf:1    | Entered Level 1 of the Elven Halls
 50744 | Elf:1    | Got Sif Muna's Discourse on the Mountains
 50813 | Elf:1    | Found Duopoaq's Distillery.
 50820 | Elf:1    | Bought 2 potions of heal wounds for 140 gold pieces
 50820 | Elf:1    | Bought a potion of curing for 42 gold pieces
 50820 | Elf:1    | Bought a potion of attraction for 42 gold pieces
 51030 | Elf:2    | Found a runed translucent gate.
 51030 | Elf:2    | Found a runed translucent gate.
 51031 | Elf:2    | Found a runed translucent gate.
 51223 | Elf:2    | Paralysed by an air elemental for 1 turns
 51449 | Elf:2    | Found Koapp's Jewellery Emporium.
 51505 | Elf:2    | Paralysed by an air elemental for 1 turns
 51782 | Elf:3    | Entered Level 3 of the Elven Halls
 51811 | Elf:3    | Found Alypad's Gadget Gallery.
 51846 | Elf:3    | Found Cuips's Assorted Antiques.
 52368 | Elf:3    | Acquired the -1 hat "Vuseck" {+Blink Str+4 Int+3}
 52600 | Elf:3    | Reached XP level 23. HP: 142/232 MP: 22/22
 52680 | Elf:3    | Reached skill level 21 in Unarmed Combat
 52682 | Elf:3    | Identified the +1 fire dragon scales of the True Pharaoh
                  | {Harm rF++ rC-}
 52871 | Elf:3    | Got Larocutu's Opusculum on Changes and Calefaction
 52883 | Elf:3    | Got the Folio of the Grey Assassin
 52901 | Elf:3    | Identified the +5 ring mail of the Orcish Mines {Regen+
                  | SInv}
 52906 | Elf:3    | Identified the +11 flail "Zyhebix" {heavy, rN++}
 52914 | Elf:3    | Identified the +2 arbalest "Xouh" {drain, rN+ rCorr}
 52953 | Elf:3    | Identified the staff "Focium" {rC+ Int+3 Dex+4 SInv Ice}
 53352 | Vaults:5 | Entered Level 5 of the Vaults
 54148 | Vaults:5 | Noticed an ancient lich
 54152 | Vaults:5 | Killed an ancient lich
 54170 | Vaults:5 | Noticed Boris
 54181 | Vaults:5 | Killed Boris
 54825 | Vaults:5 | Reached skill level 22 in Unarmed Combat
 55460 | Vaults:5 | Identified the ring "Zuych" {Fire rCorr}
 55667 | Vaults:5 | Identified the +11 shortbow "Ahikh" {flame, Str-2 Int+4
                  | Stlth+}
 56101 | Vaults:5 | Identified the +8 hand crossbow "Irchicu" {freeze, Will+}
 56103 | Vaults:5 | Got a silver rune of Zot
 56220 | Vaults:5 | Identified the +8 dagger of the Bruised Tusks {flame, Will-
                  | rCorr Int+3}
 56624 | Zot:1    | Entered Level 1 of the Realm of Zot
 56658 | Zot:2    | Identified the +5 ring mail "Jyesoynn" {Will+ Int+5}
 56658 | Zot:2    | Noticed a Killer Klown
 56761 | Zot:4    | Reached XP level 24. HP: 242/265 MP: 22/22
 56801 | Zot:4    | Found a stormy altar of Qazlal.
 56908 | Zot:5    | Entered Level 5 of the Realm of Zot
 57203 | Zot:5    | Noticed a dread lich
 57213 | Zot:5    | Killed a dread lich
 57548 | Zot:5    | Noticed an orb of fire
 57549 | Zot:5    | Gained mutation: Your body sometimes deteriorates upon
                  | taking damage. [an orb of fire]
 57563 | Zot:5    | Gained mutation: You are frail. (-10% HP) [an orb of fire]
 57573 | Zot:5    | Killed an orb of fire
 57615 | Zot:5    | Lost mutation: You have a pair of small horns on your head.
                  | [potion of mutation]
 57615 | Zot:5    | Lost mutation: Your body sometimes deteriorates upon taking
                  | damage. [potion of mutation]
 57615 | Zot:5    | Gained mutation: You have sharp toenails. [potion of
                  | mutation]
 57615 | Zot:5    | Gained mutation: You have a pair of small antennae on your
                  | head. [potion of mutation]
 57633 | Zot:5    | Noticed a Killer Klown
 57633 | Zot:5    | Noticed an orb of fire
 57633 | Zot:5    | Noticed an orb of fire
 57635 | Zot:5    | Noticed a Killer Klown
 57635 | Zot:5    | Noticed a Killer Klown
 57635 | Zot:5    | Noticed a Killer Klown
 57635 | Zot:5    | Noticed a Killer Klown
 57647 | Zot:5    | Gained mutation: You have hidden genetic defects. [an orb
                  | of fire]
 57654 | Zot:5    | HP: 1/238 [orb of fire/fireball (49)]
 57654 | Zot:5    | Slain by a Killer Klown

Illustrated notes

Levels and vault maps discovered:
D:1:      matt_arrival_los_fun, layout_basic, minmay_bisected
D:2:      layout_rooms, glass_columns_a, uniq_terence
D:3:      layout_basic, nicolae_yredelemnul_corpse_copse, serial_shops, shop,
          lightli_sewer_entry_pipes, hellmonk_ecumenical_altar_inner_sanctum,
          grunt_ministairs_7
D:4:      layout_cave_pods, old_standard_altar, serial_shops,
          nicolae_square_shop, minivault_26, amcnicky_mini_rare_corridor_liquid,
          serial_bayou_pond_c
D:5:      layout_rooms, mainiacjoe_overflow_catwalk, uniq_blork_the_orc,
          uniq_grinder
D:6:      layout_layer_cave, nicolae_overflow_crystal_walls,
          minmay_misc_feat_nine_boxes, minmay_misc_feat_chi, chequers_avenue
D:7:      layout_basic, minmay_temple_entry_stoned_glass, uniq_prince_ribbit1
D:8:      layout_basic, minmay_stone_trees_small, uniq_pikel, uniq_joseph,
          uniq_grum
D:9:      layout_gridville, due_lair_maze_entry_diamond, nicolae_the_louvre,
          uniq_harold
D:10:     layout_basic, kennysheep_little_box, gammafunk_temple_overflow_wave,
          minmay_fountain_box, lightli_orcish_oven, uniq_urug, uniq_erica,
          uniq_lodul
D:11:     layout_loops_ring, orc_0_dummy, serial_undead, serial_undead_b,
          serial_undead_d, serial_undead_b, serial_undead_e, serial_undead_d,
          nicolae_letterblocks [nicolae_letter_subblock,
          nicolae_letter_subblock, nicolae_letter_subblock,
          nicolae_letter_subblock, nicolae_letter_subblock,
          nicolae_letter_subblock, nicolae_letter_subblock,
          nicolae_letter_subblock, nicolae_letter_subblock,
          nicolae_letter_subblock, nicolae_letter_subblock,
          nicolae_letter_subblock, nicolae_letter_subblock,
          nicolae_letter_subblock, nicolae_letter_subblock,
          nicolae_letter_subblock, nicolae_letter_subblock,
          nicolae_letter_subblock, nicolae_letter_subblock,
          nicolae_letter_subblock, nicolae_letter_subblock,
          nicolae_letter_subblock, nicolae_letter_subblock,
          nicolae_letter_subblock, nicolae_letter_subblock], uniq_josephine,
          uniq_amaemon
D:12:     minmay_the_grid_octo_triangle [minmay_the_grid_octo_shrine,
          minmay_the_grid_octo_prize_square_snowflake,
          minmay_the_grid_octo_empty], layout_gridville, grunt_gozag_breadcrumbs
D:13:     layout_long_grid, erik_vaults_2, uniq_erolcha, uniq_nessos
D:14:     layout_rooms, chequers_big_river, drop_trap, minivault_13
D:15:     grunt_enter_depths_magical_seal, layout_grid_maze,
          chequers_mini_garden, uniq_rupert
Temple:   regret_index_temple_generic_petals
Lair:1:   hellmonk_ruined_rings, layout_loops_ring
Lair:2:   layout_regular_city, alex1729_snake_entry_snake,
          dreamdust_deal_with_the_devil, evilmike_ambush
          [evilmike_ambush_outer_basic, evilmike_ambush_inner_basic],
          uniq_gastronok
Lair:3:   layout_regular_city, swamp_mist_pool, st_stairs_9, grunt_megastairs_3,
          uniq_sonja
Lair:4:   layout_hall_layers, slime_entry_1
Lair:5:   guppyfry_lair_end_dragon, layout_cave_pods, wormcave,
          serial_bayou_pond_c
Swamp:1:  layout_basic_swamp, ebering_ghost_xom, evilmike_swamp_ruin_house_3
Swamp:2:  layout_basic_swamp, hangedman_swamp_ruin_hall,
          infiniplex_staircase_pool
Swamp:3:  layout_basic_swamp, evilmike_swamp_ruin_rubble_1, swamp_pool4
Swamp:4:  swamp, layout_basic_swamp, swamp_pool5, nicolae_swamp_bean_lake,
          uniq_donald
Snake:1:  layout_gridlike, serial_shops, shop, nicolae_shop_self_help,
          uniq_aizul, uniq_louise, uniq_roxanne
Snake:2:  layout_rooms, serial_shops, nicolae_shop_crystal, grunt_megastairs_2
Snake:3:  layout_basic, nicolae_snake_boneroom, uniq_vashnia
Snake:4:  johnstein_snake_rune_scales, layout_basic, st_stairs_12, uniq_kirke,
          uniq_bai_suzhen
Orc:1:    dreamdust_dug_too_deep, layout_caves, minmay_orc_temple_c,
          uniq_jorgrun, uniq_snorg
Orc:2:    grunt_orc_tribal_feast, layout_caves, minmay_orc_keep
Elf:1:    eino_elf_arrival_shootout, layout_gridlike, serial_shops, shop,
          kennysheep_underground_church, moated_statue, minivault_23,
          roderic_lattice_octagonal_star
Elf:2:    elven_hall_of_blades_hangedman_original
          [nicolae_blade_entry_floor_patterns], layout_gridlike, serial_shops,
          nicolae_stop_n_shop_2
Elf:3:    elf_hall, layout_geoelf_diagonals, serial_shops,
          nicolae_shop_overgrown_old_shop, nicolae_shop_gadgets
Vaults:1: vaults_mumra_minichess, nicolae_vaults_yaktaur_gun_rack,
          nicolae_vaults_sealed_display, nicolae_vaults_tetromino_L_2,
          nicolae_vaults_house_2, nicolae_vaults_apartment_1,
          vaults_room_semicircle, nicolae_vaults_mini_display_case,
          ontoclasm_vaults_ring_square, layout_vaults_omnigrid
Vaults:2: ebering_ghost_inner_flame, vaults_room_pool, v_misc_33,
          ontoclasm_vaults_ligature, v_misc_28, kennysheep_vaults_gozag_temple,
          hangedman_vaults_corner_blocks, vaults_mumra_hex,
          layout_vaults_chaotic_city, dummy_crypt_entry, serial_shops,
          nicolae_diamond_shop
Vaults:3: vaults_room_octagon, hangedman_vaults_maws,
          nicolae_vaults_wine_cellar, nicolae_vaults_three_branches,
          nicolae_vaults_specimen_jars, v_misc_13, vaults_room_corners,
          hangedman_vaults_stream, nicolae_vaults_storage_room_glass,
          nicolae_vaults_network_quinsquares
          [nicolae_vaults_network_quincunx_subvault,
          nicolae_vaults_network_quincunx_subvault,
          nicolae_vaults_network_quincunx_subvault,
          nicolae_vaults_network_quincunx_subvault], grunt_vaults_diagonal,
          vaults_dpeg_diagonal, grunt_vaults_bifocal, nicolae_vaults_diamond_1,
          v_misc_17, nicolae_vaults_shipping_containers_5,
          nicolae_vaults_variable_pillar_hall, layout_vaults_maze, uniq_sojobo,
          uniq_jory
Vaults:4: vaults_dpeg_cross, v_misc_9, st_more_cells, v_misc_3, v_misc_29,
          nicolae_vaults_trapezoid_layered, nicolae_vaults_diamond_2,
          nicolae_vaults_big_ls, nicolae_vaults_taking_the_gang_shopping,
          nicolae_vaults_double_plus_1, v_rooms_2, ontoclasm_vaults_shuriken,
          nicolae_vaults_double_plus_1, ontoclasm_vaults_ring_small,
          layout_vaults_ring, uniq_frederick
Vaults:5: serial_shops
Depths:1: layout_cave_pools, pan_entry, hangedman_geh_valley,
          reono_crystal_passage, kennysheep_inner_square, minmay_shoptagon
Depths:2: grunt_twist_and_shout, layout_cave_pools, rand_demon_pan_entry_9,
          serial_rivers, chequers_serial_rivers_room_b,
          chequers_serial_rivers_large_a, chequers_serial_rivers_room_b,
          chequers_serial_rivers_micro_b, pf_hell_entry_tar_spiral,
          hangedman_abyss_entry_splay, roderic_roman_lattice
Depths:3: hangedman_stitches_corridor, layout_basic, enter_ziggurat_a,
          abyss_entry, hell_entry, nicolae_tso_swordbearing_angel,
          serial_bayou_shore_b, infiniplex_staircase_zigzag_5
Depths:4: lemuel_castle_with_subvaults [lemuel_castle_interior_carwin_2],
          layout_honeycomb, hellmouth_3, nicolae_abyss_entry_one_way_or_another,
          grunt_decor_mini_mirrors, lightli_fourway_metalbox, minmay_shop_grove,
          uniq_boris, uniq_margery, uniq_xtahua, uniq_josephina
Hell
Zot:1:    layout_gridlike
Zot:2:    layout_concentric_octagons, st_stairs_7, hangedman_xom_zot_hilarity
Zot:3:    layout_gridlike, uniq_parghit
Zot:4:    nicolae_zot_draconian_monastery, layout_basic,
          regret_index_zotdec_storm_pass, st_single_dragon_hoard_3
Zot:5:    layout_basic

Skill      XL: |  1  2  3  4  5  6  7  8  9 10 11 12 13 14 15 16 17 18 19 20 21 22 23 24 |
---------------+-------------------------------------------------------------------------+-----
Unarmed Combat | 4 5 6 8 9 10 11 15 16 19 20 22 | 22.8
Armour         | 1 8 11 12 13 14 15 16 17 18 20 | 20.0
Throwing       | 5 9 10 12 13 14 15 16 | 16.2
Fighting       | 8 10 14 15 17 18 19 20 | 20.0
Dodging        | 4 5 7 10 11 14 | 14.4

Action                     |  1- 3 |  4- 6 |  7- 9 | 10-12 | 13-15 | 16-18 | 19-21 | 22-24 || total
---------------------------+-------+-------+-------+-------+-------+-------+-------+-------++-------
  Melee: Unarmed           |    58 |   197 |   224 |   405 |   902 |   838 |   965 |   771 ||  4360
         Punch             |       |     4 |    12 |    16 |    66 |   108 |   141 |   127 ||   474
         Headbutt          |       |       |       |       |       |       |   189 |   214 ||   403
         Kick              |       |       |       |       |       |       |       |     5 ||     5
  Throw: Stone             |     3 |     2 |    20 |    15 |    45 |       |       |       ||    85
         Large rock        |       |     1 |     4 |    13 |    39 |   270 |   297 |   236 ||   860
         Throwing net      |       |     1 |     3 |     9 |       |     4 |       |     1 ||    18
         Dart              |       |       |    29 |    84 |    87 |       |     9 |       ||   209
         Boomerang         |       |       |     7 |    47 |   144 |    34 |    21 |       ||   253
         Javelin           |       |       |       |     3 |    19 |    13 |    22 |     6 ||    63
 Invoke: Serpent's Lash    |       |       |       |     4 |     9 |     5 |    10 |    11 ||    39
         Heavenly Storm    |       |       |       |       |     1 |     2 |     2 |     4 ||     9
Ability: Lunge             |       |       |    16 |    41 |   116 |    95 |    77 |    81 ||   426
         Whirlwind         |       |       |       |    79 |   178 |   118 |   123 |   147 ||   645
         Wall Jump         |       |       |       |     5 |     4 |     4 |     5 |     4 ||    22
  Evoke: Wand              |       |       |    13 |    13 |     1 |       |     1 |       ||    28
         Horn of Geryon    |       |       |       |       |       |       |       |     1 ||     1
    Use: Scroll            |     4 |       |    15 |    10 |     7 |    10 |     4 |    10 ||    60
         Potion            |     1 |     2 |     3 |       |     3 |    11 |     5 |    15 ||    40
   Stab: Invisible         |     1 |     2 |     1 |       |       |       |       |       ||     4
         Sleeping          |       |     1 |     1 |       |       |       |       |       ||     2
         Held in net/web   |       |       |     2 |     2 |       |     1 |       |     1 ||     6
 Armour: Robe              |    14 |    48 |    43 |    23 |       |       |       |       ||   128
         Ice dragon scales |       |       |       |    56 |       |       |       |       ||    56
         Gold dragon scale |       |       |       |    45 |   586 |   894 |   876 |   773 ||  3174
  Dodge: Dodged            |    30 |    95 |    94 |   120 |   148 |   231 |   216 |   336 ||  1270

Table legend: (Time is in decaauts)
 A = Elapsed time spent in this place.
 B = Non-inter-level travel time spent in this place.
 C = Inter-level travel time spent in this place.
 D = Time resting spent in this place.
 E = Time spent auto-exploring this place.
 F = Levels seen in this place.
 G = Mean time per level.
                   A        B        C        D        E       F      G
               +--------+--------+--------+--------+--------+-----+--------+
         Total |  57088 |  53080 |   4008 |  15168 |  24776 |  51 | 1119.4 |
       Dungeon |  18269 |  16693 |   1576 |   4986 |   8704 |  15 | 1217.9 |
        Temple |     47 |      2 |     45 |      0 |      0 |   1 |   47.0 |
          Lair |   7213 |   6548 |    665 |   1678 |   3153 |   5 | 1442.6 |
         Swamp |   2833 |   2564 |    269 |    289 |   1380 |   4 |  708.2 |
     Snake Pit |   4968 |   4807 |    161 |   1520 |   2049 |   4 | 1242.0 |
  Orcish Mines |   2476 |   2266 |    210 |    874 |    697 |   2 | 1238.0 |
   Elven Halls |   2964 |   2841 |    123 |    272 |   1789 |   3 |  988.0 |
        Vaults |   9178 |   8596 |    582 |   2747 |   3725 |   5 | 1835.6 |
        Depths |   6978 |   6607 |    371 |   2007 |   2998 |   4 | 1744.5 |
          Hell |    121 |    120 |      1 |      2 |      0 |   1 |  121.0 |
           Zot |   1024 |   1024 |      0 |    467 |      0 |   5 |  204.8 |
         Abyss |     14 |     14 |      0 |      0 |      0 |   1 |   14.0 |
         Sewer |    996 |    996 |      0 |    323 |    281 |   1 |  996.0 |
               +--------+--------+--------+--------+--------+-----+--------+

Top non-repeatable levels by time:
Vaults:4: 3173 daAuts
Depths:3: 2548 daAuts
Depths:4: 2065 daAuts
  Lair:5: 2052 daAuts
    D:15: 1948 daAuts
     D:8: 1922 daAuts
  Lair:2: 1886 daAuts
Vaults:2: 1846 daAuts
 Snake:3: 1778 daAuts
     D:6: 1708 daAuts
   Orc:2: 1578 daAuts
Vaults:1: 1470 daAuts
    D:10: 1445 daAuts
Vaults:5: 1354 daAuts
Vaults:3: 1334 daAuts
